 Dungeon Crawl Stone Soup version 0.28.0 (webtiles) character file.

Game seed: 4295389473532017946

757 Colgate the Vexing (level 7, -13/46 HPs)
             Began as a Demonspawn Conjurer on Feb 16, 2022.
             Mangled by Edmund (15 damage)
             ... on level 4 of the Dungeon.
             The game lasted 00:34:21 (6690 turns).

Colgate the Vexing (Demonspawn Conjurer)            Turns: 6690, Time: 00:34:22

Health: -13/46     AC: 10    Str:  7    XL:     7   Next: 50%
Magic:  2/10       EV: 12    Int: 21    God:
Gold:   53         SH:  9    Dex: 12    Spells: 4/10 levels left

rFire   + . .      SeeInvis .   m - +5 rapier
rCold   + . .      Faith    .   (no shield)
rNeg    . . .      Spirit   .   p - +2 animal skin
rPois   .          Reflect  +   q - +1 helmet
rElec   .          Harm     .   f - scarf {rC+ rF+}
rCorr   .          Rampage  .   l - +0 pair of gloves
Will    .....                   x - +0 pair of boots
Stlth   ++........              u - amulet of reflection
HPRegen 0.15/turn               (no ring)
MPRegen 0.12/turn               (no ring)

@: no status effects
A: molten scales 1, spiny 1, condensation shield, weakness stinger 1
a: no special abilities


You were on level 4 of the Dungeon.
You visited 1 branch of the dungeon, and saw 4 of its levels.

You collected 219 gold pieces.
You spent 166 gold pieces at shops.

Inventory:

Hand Weapons
 b - a +0 war axe
 m - a +5 rapier (weapon)
 n - a +0 flail
Missiles
 e - 24 poisoned darts
 g - 5 boomerangs
 i - 75 stones
 k - a throwing net
Armour
 f - a scarf of resistance (worn)
 l - a +0 pair of gloves (worn)
 p - a +2 animal skin (worn)
 q - a +1 helmet (worn)
 x - a +0 pair of boots (worn)
Magical Staves
 a - a staff of air
Jewellery
 u - an amulet of reflection (around neck)
Scrolls
 j - 4 scrolls of teleportation
Potions
 c - 4 potions of curing
 d - 2 potions of might
 h - 2 potions of mutation
 o - 2 potions of lignification {unknown}
 r - a potion of magic {unknown}
 s - a potion of ambrosia {unknown}
 t - a potion of heal wounds {unknown}
 v - a potion of berserk rage
 w - a potion of attraction {unknown}
 z - a potion of brilliance {unknown}


   Skills:
 - Level 1.7 Dodging
 - Level 1.7 Stealth
 - Level 2.0 Spellcasting
 + Level 6.1 Conjurations
 - Level 6.9 Hexes


You had 4 spell levels left.
You knew the following spells:

 Your Spells              Type           Power      Damage    Failure   Level
b - Searing Ray           Conj           54%        2d6       1%          2
c - Fulminant Prism       Conj/Hex       14%        3d9       10%         4

Your spell library contained the following spells:

 Spells                   Type           Power      Damage    Failure   Level
 Magic Dart               Conj           100%       1d8       1%          1
 Dazzling Flash           Conj/Hex       58%        N/A       3%          3
 Static Discharge         Conj/Air       14%        N/A       6%          2
 Summon Guardian Golem    Hex/Summ       16%        N/A       11%         3
 Summon Small Mammal      Summ           8%         N/A       14%         1
 Iskenderun's Mystic Bla  Conj/Tloc      14%        2d5       38%         4
 Call Canine Familiar     Summ           2%         N/A       41%         3
 Lightning Bolt           Conj/Air       7%         1d19      75%         5
 Conjure Ball Lightning   Conj/Air       7%         3x3d6     100%        6
 Dispersal                Tloc           1%         N/A       100%        6
 Discord                  Hex            15%        N/A       100%        8
 Disjunction              Tloc           1%         N/A       100%        8
 Maxwell's Capacitive Co  Air            1%         ∞         100%        8


Dungeon Overview and Level Annotations

Branches:
Dungeon (4/15)
 Temple: D:4-7

Altars:

Shops:
D:3 *([=[

Annotations:
D:4 Edmund


Innate Abilities, Weirdness & Mutations

You are partially covered in molten scales. (AC +2)
You are partially covered in sharp spines.
A meltable shield of frost defends you. (SH +4)
You have a small tail.


Message History

Casting: Fulminant Prism (quite dangerous; 11% risk of failure)
Confirm with . or Enter, or press ? or * to list all spells.
You don't have enough magic to cast this spell.
An adder comes into view.
Edmund throws a stone.
The stone hits you but does no damage.
Casting: Fulminant Prism (quite dangerous; 11% risk of failure)
Confirm with . or Enter, or press ? or * to list all spells.
Aiming: Searing Ray (safe; 1% risk of failure)
Press: ? - help, Shift-Dir - straight line, f - adder
Aim: an adder (66% to hit)
The searing ray misses the adder. (Press . to maintain the ray.)
The searing ray misses the adder.
The adder is struck by your spines. The adder bites you but does no damage.
m - a +5 rapier (weapon)
You hit the adder.
The adder is severely wounded.
The adder is struck by your spines. The adder bites you but does no damage.
The adder is struck by your spines.
You kill the adder!
Edmund throws a stone.
You reflect the stone off an invisible shield around you!
The stone barely misses Edmund.
Edmund says, "I'm quite good with sums, too."
Edmund drinks a potion.
Edmund goes berserk!
You hear a shout!
Edmund is struck by your spines. Edmund closely misses you.
You block Edmund's attack. Edmund hits you with a +2 vorpal flail!
Edmund rages.
Edmund rages.
Edmund barely misses you.
Edmund rages.
You block Edmund's attack.
There is a stone staircase leading up here.
Edmund is struck by your spines.
Edmund hits you with a +2 vorpal flail!!
* * * LOW HITPOINT WARNING * * *
x2 Edmund hits you with a +2 vorpal flail!
You die...

# ...... #..## ##............##
###..#..##..# #..........#..#
.###....#..## ##..###.....#.##
..###......# #..## ##...##@#
...###.....# #..# ##..#..#
...@###...## ##.## ##.#..#
........).## #..# ##..##
........[[.## ##@.# ##..#
......).....####@..# #...#
...........)......### ##...#
........))<.........## ##....#
..............####...####.....###
.........[....######...#........#
.......g.........####.....######.
...............@.@........#
..........................#
......................##..##


You could see Edmund (berserk).

Vanquished Creatures
  Grinder (D:4)
  An ogre (D:3)
  2 kobold brigands (D:4)
  A bullfrog zombie (D:3)
  Natasha (thrice) (D:2)
  A hound skeleton (D:4)
  Robin (D:1)
  3 gnolls (D:2)
  4 adders
  5 worms
  7 dart slugs
  10 orcs
  2 ball pythons
  8 endoplasms
  A giant cockroach (D:1)
  17 goblins
  11 hobgoblins
  2 jackals (D:1)
  7 kobolds
  5 quokkas
  2 bats
  6 frilled lizards
  5 rats
105 creatures vanquished.

Vanquished Creatures (others)
  35 fulminant prisms
  3 fungi (D:2)
  3 plants (D:2)
41 creatures vanquished.

Grand Total: 146 creatures vanquished

Notes
Turn   | Place    | Note
-------+----------+-------------------------------------------
     0 | D:1      | Colgate the Demonspawn Conjurer began the quest for the
                  | Orb.
     0 | D:1      | Reached XP level 1. HP: 13/13 MP: 3/3
   310 | D:1      | Gained mutation: You have a small tail. [demonic ancestry]
   310 | D:1      | Reached XP level 2. HP: 18/19 MP: 1/5
   363 | D:1      | Learned a level 2 spell: Searing Ray
   943 | D:1      | Reached skill level 5 in Conjurations
  1059 | D:2      | Noticed Natasha
  1062 | D:2      | Killed Natasha
  1063 | D:2      | Gained mutation: You are partially covered in sharp spines.
                  | [demonic ancestry]
  1063 | D:2      | Reached XP level 3. HP: 19/24 MP: 1/6
  1411 | D:2      | Reached XP level 4. HP: 30/30 MP: 3/7
  1523 | D:2      | Noticed Natasha
  1527 | D:2      | Killed Natasha
  1533 | D:2      | Learned a level 4 spell: Fulminant Prism
  1707 | D:2      | Reached skill level 1 in Hexes
  1843 | D:2      | Noticed Robin
  1984 | D:2      | Reached XP level 5. HP: 35/35 MP: 3/8
  2229 | D:2      | Noticed Natasha
  2255 | D:2      | Killed Natasha
  2880 | D:1      | Killed Robin
  3213 | D:2      | Found a faded altar of an unknown god.
  3848 | D:3      | Found Ylolorch's Antique Weapon Shop.
  3949 | D:3      | Found Boped's Assorted Antiques.
  3966 | D:3      | Bought a scroll labelled NAUZO WUMY for 26 gold pieces
  3966 | D:3      | Bought a scroll labelled ODU HOUNIH for 26 gold pieces
  3966 | D:3      | Bought a red potion for 23 gold pieces
  3966 | D:3      | Bought a fuming purple potion for 23 gold pieces
  3966 | D:3      | Bought a blue potion for 23 gold pieces
  4178 | D:3      | Noticed an ogre
  4320 | D:3      | Found Diloxupt's Jewellery Emporium.
  4338 | D:3      | Found Dudiacirch's Armour Shop.
  4347 | D:3      | Bought a +0 pair of boots for 45 gold pieces
  4389 | D:3      | Gained mutation: You are partially covered in molten
                  | scales. (AC +2) [demonic ancestry]
  4389 | D:3      | Reached XP level 6. HP: 38/41 MP: 2/9
  4677 | D:3      | Found Wothiote's Armour Shoppe.
  5548 | D:4      | Noticed Grinder
  5610 | D:4      | Reached skill level 5 in Hexes
  5951 | D:4      | Gained mutation: A meltable shield of frost defends you.
                  | (SH +4) [demonic ancestry]
  5951 | D:4      | Reached XP level 7. HP: 46/46 MP: 1/10
  6223 | D:4      | Noticed Edmund
  6233 | D:4      | Paralysed by Grinder for 2 turns
  6240 | D:4      | Killed Grinder
  6690 | D:4      | HP: 2/46 [Edmund (5)]
  6690 | D:4      | Mangled by Edmund

Illustrated notes

Levels and vault maps discovered:
D:1:      evilmike_arrival_crescent, layout_rooms
D:2:      minmay_alternating_diamond, layout_rooms,
          shapermc_ecumenical_altar_ellora, nrook_uturn,
          minmay_fractal_squares_gapless_5, uniq_robin, uniq_natasha
D:3:      layout_basic, serial_shops, nicolae_shop_crystal,
          nicolae_shop_advertising_works [nicolae_subvault_shop_adworks],
          shop_statue, nicolae_shop_waterfront, nicolae_square_shop
D:4:      layout_layer_cave, minmay_temple_entry_slanted, minmay_manual_moon,
          uniq_edmund, uniq_grinder

Skill      XL: |  1  2  3  4  5  6  7 |
---------------+----------------------+-----
Conjurations   | 5 6 |  6.1
Hexes          | 1 3 5 6 |  6.9
Dodging        | |  1.7
Stealth        | |  1.7
Spellcasting   | |  2.0

Action                   |  1- 3 |  4- 6 |  7- 9 || total
-------------------------+-------+-------+-------++-------
Melee: War axe           |     1 |     2 |       ||     3
       Rapier            |       |       |     1 ||     1
 Cast: Magic Dart        |    45 |    60 |       ||   105
       Searing Ray       |    11 |    20 |     4 ||    35
       Fulminant Prism   |       |    28 |     7 ||    35
  Use: Scroll            |       |    10 |     1 ||    11
Armor: Robe              |     2 |     4 |       ||     6
       Animal skin       |       |     3 |     6 ||     9
Dodge: Dodged            |     4 |    22 |     3 ||    29
Block: Other             |       |       |     7 ||     7
       Reflection        |       |       |     3 ||     3
